 Dungeon Crawl Stone Soup version 0.28.0-53-g5a82cb258f (webtiles) character file.

Game seed: 11936580229661277346

14 protoss039 the Digger (level 2, 0/19 HPs)
             Began as a Demonspawn Earth Elementalist on June 7, 2022.
             Slain by a kobold
             ... wielding a +0 dagger
              (3 damage)
             ... on level 1 of the Dungeon.
             The game lasted 00:01:15 (752 turns).

protoss039 the Digger (DsEE)                         Turns: 752, Time: 00:01:16

Health: 0/19       AC:  3    Str:  8    XL:     2   Next: 31%
Magic:  0/5        EV: 11    Int: 16    God:
Gold:   0          SH:  0    Dex: 13    Spells: 4/5 levels left

rFire   . . .      SeeInvis .   d - +0 spear
rCold   . . .      Faith    .   (no shield)
rNeg    . . .      Spirit   .   e - +0 leather armour
rPois   .          Reflect  .   (no helmet)
rElec   .          Harm     .   (no cloak)
rCorr   .          Rampage  .   (no gloves)
Will    .....                   (no boots)
Stlth   ++........              (no amulet)
HPRegen 0.06/turn               (no ring)
MPRegen 0.09/turn               (no ring)

@: very slightly contaminated
A: powered by pain 1
a: no special abilities


You were on level 1 of the Dungeon.
You visited 1 branch of the dungeon, and saw 1 of its levels.

Inventory:

Hand Weapons
 d - a +0 spear (weapon)
Missiles
 c - 18 stones
Armour
 e - a +0 leather armour (worn)
Potions
 a - a potion of lignification {unknown}


   Skills:
 + Level 2.0 Dodging
 + Level 2.0 Stealth
 + Level 2.1 Spellcasting
 + Level 1.2 Transmutations
 + Level 2.8 Earth Magic


You had 4 spell levels left.
You knew the following spells:

 Your Spells              Type           Power      Damage    Failure   Level
a - Sandblast             Erth           20%        2d7       10%         1

Your spell library contained the following spells:

 Spells                   Type           Power      Damage    Failure   Level
 Passwall                 Tmut/Erth      6%         N/A       21%         2
 Stone Arrow              Conj/Erth      12%        3d7       45%         3
 Petrify                  Tmut/Erth      8%         N/A       78%         4


Dungeon Overview and Level Annotations

Branches:
Dungeon (1/15)

Altars:


Innate Abilities, Weirdness & Mutations

You sometimes gain a little power by taking damage.


Message History

Press: ? - help, Shift-Dir - straight line, f/p - kobold
Aim: a kobold, wielding a +0 dagger, wearing a +0 plate armour and quivering stones (82% to hit)
The blast of sand hits the kobold but does no damage.
The bat hits you. The bat barely misses you.
The kobold hits you with a +0 dagger.
Your magical contamination has completely faded away.
The bat hits you but does no damage.
The kobold throws a stone.
The stone barely misses you. The bat hits you.
* * * LOW HITPOINT WARNING * * *
The bat hits you but does no damage. The bat closely misses you.
Casting: Sandblast (safe; 10% risk of failure)
Confirm with . or Enter, or press ? or * to list all spells.
Aiming: Sandblast (safe; 10% risk of failure)
Press: ? - help, Shift-Dir - straight line, f/p - kobold
Aim: a kobold, wielding a +0 dagger, wearing a +0 plate armour and quivering stones (82% to hit)
You miscast Sandblast.
You are very lightly contaminated with residual magic.
Nothing appears to happen.
The bat hits you but does no damage. x4
The bat closely misses you. x2
You hit the bat.
The bat is severely wounded.
The bat barely misses you. The bat closely misses you.
The kobold closely misses you.
You barely miss the bat.
The bat is severely wounded.
The bat hits you but does no damage. x2; The kobold closely misses you.
The bat closely misses you. The bat completely misses you.
The kobold hits you with a +0 dagger.
* * * LOW HITPOINT WARNING * * *
Unknown command.
Casting: Sandblast (safe; 10% risk of failure)
Confirm with . or Enter, or press ? or * to list all spells.
Aiming: Sandblast (safe; 10% risk of failure)
Press: ? - help, Shift-Dir - straight line, f/p - kobold
Aim: a kobold, wielding a +0 dagger, wearing a +0 plate armour and quivering stones (82% to hit)
The blast of sand hits the kobold but does no damage.
The bat completely misses you. The bat misses you.
The kobold hits you with a +0 dagger.
You die...

## #. #. #########.
#.)....... #.########
#### #########.##
##....#.K..##....#######
.......@b..............#
##....#.....#.#.........
#### #...b.#...........
###...###.......#. #...#
#......... #####
#..K...... #......##.
###.....#. #....##.


You could see 2 bats and a kobold.

Vanquished Creatures
  A goblin (D:1)
  A hobgoblin (D:1)
  4 jackals (D:1)
  A kobold (D:1)
  2 ball pythons (D:1)
  3 frilled lizards (D:1)
  2 rats (D:1)
14 creatures vanquished.

Notes
Turn   | Place    | Note
-------+----------+-------------------------------------------
     0 | D:1      | protoss039 the Demonspawn Earth Elementalist began the
                  | quest for the Orb.
     0 | D:1      | Reached XP level 1. HP: 13/13 MP: 3/3
    42 | D:1      | Reached skill level 1 in Transmutations
   432 | D:1      | Gained mutation: You sometimes gain a little power by
                  | taking damage. [demonic ancestry]
   432 | D:1      | Reached XP level 2. HP: 12/19 MP: 1/5
   752 | D:1      | Slain by a kobold

Illustrated notes

Levels and vault maps discovered:
D:1:      dpeg_arrival_ternary, layout_basic

Skill      XL: |  1  2 |
---------------+-------+-----
Transmutations | 1 |  1.2
Stealth        | 2 |  2.0
Dodging        | 2 |  2.0
Spellcasting   | |  2.1
Earth Magic    | |  2.8

Action                   || total
-------------------------++-------
Melee: Spear             ||    37
       Unarmed           ||     1
 Cast: Sandblast         ||    12
 Stab: Distracted        ||     1
       Sleeping          ||     1
Armor: Leather armour    ||    30
       Robe              ||     2
Dodge: Dodged            ||    66
